AoeStats
← 用爱感化队友

African Clearing

510334958Analyzed
4v4 RM · 1d ago on Sep 30, 2026· 26m 4s· 8 players
Game mode
Random Map
Map size
Large (8 player)
Population
200
Speed
Normal
Resources
Standard
Victory
Conquest
Starting age
Dark Age
Ending age
Imperial Age
RankedLock teamsTeams togetherTeam positionsShared explorationLock speedFull tech treeHidden civsTurbo modeCheats
Victory
Defeat
🇨🇳 Wei · China
1394
+15
🇻🇳 Mongols · Vietnam
1373
+16
🇨🇳 Varangians · China
1359
+16
🇨🇳 Magyars · China
1326
+18
🇨🇳 Berbers · China
1383
-17
🇪🇨 Vietnamese · Ecuador
1381
-17
🇸🇬 Mongols · Singapore
1367
-16
🇨🇳 Huns · China
1340
-15
V我50%匡扶汉室
4:35 Loom
14:11 Feudal Age
23:29 Bloodlines
shogun
5:27 Loom
12:34 Feudal Age
13:59 Wheelbarrow
13:13 Double-Bit Axe
19:44 Castle Age
18:10 Horse Collar
18:22 Gold Mining
18:50 Stone Mining
20:06 Bloodlines
20:27 Forging
20:25 Scale Barding Armor
25:18 Fletching
26:16 Bodkin Arrow
涅槃重生
6:49 Loom
13:44 Feudal Age
14:03 Man-at-Arms
old f1sh
13:38 Feudal Age
14:15 Double-Bit Axe
17:24 Castle Age
17:42 Fletching
18:20 Bow Saw
18:29 Bodkin Arrow
18:57 Loom
22:49 Gold Mining
23:31 Padded Archer Armor
Leobossy
14:43 Feudal Age
18:37 Castle Age
17:08 Double-Bit Axe
19:22 Loom
23:07 Scale Mail Armor
24:56 Forging
用爱感化队友
12:04 Loom
14:11 Feudal Age
18:30 Castle Age
17:51 Scale Barding Armor
18:00 Forging
23:47 Padded Archer Armor
8316699
14:57 Feudal Age
14:43 Loom
18:27 Double-Bit Axe
missed and miss
12:27 Feudal Age
15:19 Loom
24:51 Castle Age
25:51 Fletching
Connection lost

Rejoining the realm…

Still unreachable

The connection could not be restored.

Session expired

The server has moved on; the page needs a fresh start.